 Dungeon Crawl Stone Soup version 0.30.1-11-g7821555f0a (webtiles) character file.

Game seed: 117054102434823378

49 2FriedEggs the Magician (level 3, -1/21 HPs)
             Began as an Octopode Earth Elementalist on Nov 13, 2023.
             Slain by Terence
             ... wielding a +0 hand axe
              (9 damage)
             ... on level 2 of the Dungeon.
             The game lasted 00:03:11 (1678 turns).

2FriedEggs the Magician (OpEE)                      Turns: 1678, Time: 00:03:12

Health: -1/21      AC:  1    Str:  7    XL:     3   Next: 77%
Magic:  4/8        EV: 13    Int: 19    God:
Gold:   21         SH:  0    Dex: 12    Spells: 3/9 levels left

rFire   . . .        d - +0 dagger
rCold   . . .        (no shield)
rNeg    . . .        (helmet restricted)
rPois   .            (no amulet)
rElec   .            j - ring of wizardry
rCorr   .            (no ring)
SInv    .            (no ring)
Will    .....        (no ring)
Stlth   +++          (no ring)
HPRegen 0.23/turn    (no ring)
MPRegen 0.11/turn    (no ring)
                     (no ring)

%: wizardry (x1)
@: no status effects
A: almost no armour, amphibious, 8 rings, camouflage 1, gelatinous body 1,
(nimble swimmer 1), tentacles
a: no special abilities


You were on level 2 of the Dungeon.
You visited 1 branch of the dungeon, and saw 2 of its levels.

You collected 21 gold pieces.

Inventory:

Hand Weapons
 d - a +0 dagger (weapon)
Missiles
 c - 3 curare-tipped darts
Jewellery
 j - a ring of wizardry (left tentacle)
Scrolls
 e - 2 scrolls of magic mapping {unknown}
 h - 2 scrolls of identify {unknown}
 i - a scroll of teleportation {unknown}
 k - 3 scrolls of noise {unknown}
Potions
 a - a potion of magic
 b - a potion of brilliance {unknown}
 f - a potion of invisibility {unknown}
 g - 2 potions of degeneration {unknown}


   Skills:
 - Level 2.0 Dodging
 - Level 2.6 Stealth
 + Level 3.7 Spellcasting
 - Level 1.0 Transmutations
 - Level 3.0 Earth Magic


You had 3 spell levels left.
You knew the following spells:

 Your Spells              Type           Power      Damage    Failure   Level
a - Sandblast             Erth           28%        2d8       1%          1
b - Passwall              Tmut/Erth      9%         N/A       4%          2
c - Stone Arrow           Conj/Erth      18%        3d8       9%          3

Your spell library contained the following spells:

 Spells                   Type           Power      Damage    Failure   Level
 Petrify                  Tmut/Erth      11%        N/A       24%         4
 Conjure Ball Lightning   Conj/Air       1%         3x3d6     100%        6
 Discord                  Hex            1%         N/A       100%        8
 Disjunction              Tloc           1%         N/A       100%        8


Dungeon Overview and Level Annotations

Branches:
Dungeon (2/15)

Altars:
Dithmenos

Shops:
D:1 (:!

Annotations:
D:2 Terence


Innate Abilities, Weirdness & Mutations

You cannot wear most types of armour.
You are amphibious.
You can wear up to eight rings at the same time.
Your skin changes colour to match your surroundings (Stealth+).
Your rubbery body absorbs attacks. (AC +1, EV +1)
((You are camouflaged when in or above water. (Stealth+)))
You have tentacles for arms and can constrict up to eight enemies at once.


Message History

Aim: Terence, wielding a +0 hand axe and wearing a +0 scale mail (wandering, hasn't noticed you, 84% to hit)
The blast of sand hits Terence.
Terence is lightly wounded.
Casting: Sandblast (safe; 1% risk of failure)
Confirm with . or Enter, or press ? or * to list all spells.
Aiming: Passwall (safe; 4% risk of failure)
Press: ? - help, Dir - move target, p - Terence A rock wall.
You begin to meditate on the wall.
You continue meditating on the rock.
Terence misses you.
You continue meditating on the rock.
Terence closely misses you.
You finish merging with the rock.
Terence says, "You're history."
Casting: Passwall (safe; 4% risk of failure)
Confirm with . or Enter, or press ? or * to list all spells.
Aiming: Sandblast (safe; 1% risk of failure)
Press: ? - help, Shift-Dir - straight line, f - Terence
Aim: Terence, wielding a +0 hand axe and wearing a +0 scale mail (lightly wounded, 84% to hit)
The blast of sand hits Terence.
Terence is lightly wounded.
Casting: Sandblast (safe; 1% risk of failure)
Confirm with . or Enter, or press ? or * to list all spells.
Aiming: Sandblast (safe; 1% risk of failure)
Press: ? - help, Shift-Dir - straight line, f/p - Terence
Aim: Terence, wielding a +0 hand axe and wearing a +0 scale mail (lightly wounded, 84% to hit)
The blast of sand hits Terence but does no damage.
Terence is lightly wounded.
Terence hits you with a +0 hand axe!
Casting: Sandblast (safe; 1% risk of failure)
Confirm with . or Enter, or press ? or * to list all spells.
Aiming: Passwall (safe; 4% risk of failure)
Press: ? - help, Dir - move target, p - Terence A rock wall.
Terence hits you with a +0 hand axe.
You begin to meditate on the wall.
You continue meditating on the rock.
Terence closely misses you.
You continue meditating on the rock.
Terence hits you with a +0 hand axe!
You die...

#.# #..# # #.# #.(# #
#.# #..# # ####.# #..# #
....####..#######
#...............
#..####..#######
#########...............
......<@@...###.#######.
##########..# #.# #.
#........# #.### #.
#.######.# #...# ##
#.#####.# #.##....#
#.##.#### #.##.#
#.##.#####.##


You could see Terence.

Vanquished Creatures
  An adder (D:2)
  2 worms (D:2)
  A dart slug (D:1)
  3 endoplasms
  2 giant cockroaches
  5 goblins
  4 jackals (D:1)
  2 kobolds (D:2)
  A quokka (D:1)
  3 ball pythons
  2 bats
  A frilled lizard (D:1)
  5 rats
32 creatures vanquished.

Notes
Turn   | Place    | Note
-------+----------+-------------------------------------------
     0 | D:1      | 2FriedEggs the Octopode Earth Elementalist began the quest
                  | for the Orb.
     0 | D:1      | Reached XP level 1. HP: 11/11 MP: 3/3
    77 | D:1      | Found Onamof's Distillery.
   251 | D:1      | Reached XP level 2. HP: 13/17 MP: 1/5
   350 | D:1      | Found Kyz Vie's Book Emporium.
   579 | D:1      | Found Kuuruiru's Weapon Emporium.
   591 | D:1      | Found a faded altar of an unknown god.
   972 | D:1      | Learned a level 2 spell: Passwall
  1022 | D:2      | Reached XP level 3. HP: 21/21 MP: 1/7
  1352 | D:2      | Found a shadowy altar of Dithmenos.
  1363 | D:2      | Learned a level 3 spell: Stone Arrow
  1506 | D:2      | Noticed Terence
  1678 | D:2      | Slain by Terence

Illustrated notes

Levels and vault maps discovered:
D:1:      amcnicky_arrival_flooded_fountain, layout_loops_ring,
          ebering_ecumenical_altar_petrified, serial_shops,
          nicolae_shop_real_fake_doors, nicolae_shop_behind_doors,
          shop_fountains, kennysheep_another_room
D:2:      wad_river_or_something, layout_loops_ring, basic_altar, uniq_terence

Skill      XL: |  1  2 |
---------------+-------+-----
Spellcasting   | 3 |  3.7
Dodging        | |  2.0
Stealth        | |  2.6
Transmutations | |  1.0
Earth Magic    | |  3.0

Action                     || total
---------------------------++-------
  Melee: Dagger            ||     4
         Constrict         ||     1
   Cast: Sandblast         ||    59
         Passwall          ||     3
 Armour: Skin              ||     2
  Dodge: Dodged            ||    21
